 Dungeon Crawl Stone Soup version 0.19-a0-1882-gbb73ea0 (webtiles) character file.

15 Amnesiac the Ogre Mage (level 2, -1/28 HPs)
             Began as an Ogre Wizard on Oct 14, 2016.
             Killed by divine providence
             ... invoked by an orc priest
              (17 damage)
             ... on level 3 of the Dungeon.
             The game lasted 00:02:05 (298 turns).

Amnesiac the Ogre Mage (Ogre Wizard)                 Turns: 298, Time: 00:02:06

Health: -1/28      AC:  3    Str: 11    XL:     2   Next: 50%
Magic:  1/6        EV: 10    Int: 17    God:
Gold:   9          SH:  0    Dex:  8    Spells: 2 memorised, 5 levels left

rFire  . . .     SeeInvis .     g - +0 mace
rCold  . . .     Gourm    .     a - +0 robe
rNeg   . . .     Faith    .     (no shield)
rPois  .         Spirit   .     b - +0 hat
rElec  .         Dismiss  .     (no cloak)
rCorr  .         Reflect  .     (gloves unavailable)
MR     .....     Harm     .     (boots unavailable)
Stlth  +.........               (no amulet)
                                (no ring)
                                (no ring)

@: very slightly contaminated
A: unfitting armour, tough skin 1
a: no special abilities


You were on level 3 of the Dungeon.
You were not hungry.

You visited 1 branch of the dungeon, and saw 3 of its levels.

You collected 9 gold pieces.

Inventory:

Hand Weapons
 g - a +0 mace (weapon)
Missiles
 e - 4 large rocks (quivered)
 f - 8 steel javelins
Armour
 a - a +0 robe (worn)
 b - a +0 hat (worn)
Scrolls
 h - a scroll of remove curse {unknown}
 i - a scroll of amnesia {unknown}
Potions
 j - a potion of mutation {unknown}
Books
 c - a book of Minor Magic

   Spells                             Type                      Level
   a - Magic Dart                     Conjuration                  1
   b - Blink                          Translocation                2
   c - Call Imp                       Summoning                    2
   d - Repel Missiles                 Charms/Air                   2
   e - Slow                           Hexes                        2
   f - Conjure Flame                  Conjuration/Fire             3
   g - Mephitic Cloud                 Conjuration/Poison/Air       3
Comestibles
 d - a bread ration
 k - a chunk of flesh


   Skills:
 + Level 1.6 Fighting
 + Level 2.3 Dodging
 - Level 1.4 Stealth
 - Level 3.6 Spellcasting
 - Level 0.6 Conjurations
 - Level 0.6 Summonings
   Level 0.6 Translocations


You had 5 spell levels left.
You knew the following spells:

 Your Spells              Type           Power        Failure   Level  Hunger
d - Call Imp              Summ           #.......     21%         2    ##.....
f - Magic Dart            Conj           #...         14%         1    None


Dungeon Overview and Level Annotations

Branches:
Dungeon (3/15)

Altars:


Innate Abilities, Weirdness & Mutations

You are too large for most types of armour.
You have tough skin. (AC +1)


Message History

You don't have enough magic to cast that spell.
Casting: Magic Dart
Confirm with . or Enter, or press ? or * to list all spells.
You don't have enough magic to cast that spell.
The orc shouts!
The orc priest shouts!
The orc throws a poisoned tomahawk.
The poisoned tomahawk barely misses you.
You see here a poisoned tomahawk.
The orc throws a poisoned tomahawk.
The poisoned tomahawk barely misses you.
You see here a poisoned tomahawk.
Casting: Magic Dart
Confirm with . or Enter, or press ? or * to list all spells.
Okay, then.
The orc priest mumbles some strange prayers to Beogh against you.
Beogh smites you!
The orc priest calls down the wrath of Beogh upon you.
Beogh smites you!
Ouch! That really hurt!
You die...

### #####.# ######
#.....# #.....
#.....# #.....
#.....#### #.....
#........########.
#.................
#@oo..##.......##.
#####o##.......##.
#######(##.......#..
.......(o#.......#.#
##.##....##......#.#
#........#.........
####.........##....
#..).#o.......#.
#....#.....#....


You could see an orc priest and 2 orcs.

Vanquished Creatures
  An orc (D:3)
  A bat (D:1)
  3 goblins
  2 hobgoblins
  2 kobolds (D:2)
  A frilled lizard (D:2)
  3 rats
13 creatures vanquished.

Notes
Turn   | Place    | Note
-------+----------+-------------------------------------------
     0 | D:1      | Amnesiac the Ogre Wizard began the quest for the Orb.
     0 | D:1      | Reached XP level 1. HP: 16/16 MP: 5/5
    38 | D:1      | Reached skill level 1 in Fighting
   115 | D:2      | Reached XP level 2. HP: 27/27 MP: 0/6
   193 | D:2      | Learned a level 2 spell: Call Imp
   298 | D:3      | Killed from afar by an orc priest

Vault maps used:
D:1:      minmay_arrival_semitransparent
D:2:      grunt_temple_overflow_order_and_chaos_2, lemuel_blue_sif_altar

Skill      XL: |  1 |
---------------+----+-----
Fighting       | 1 |  1.6
Dodging        | 2 |  2.3
Stealth        | |  1.4
Spellcasting   | |  3.6
Conjurations   | |  0.6
Summonings     | |  0.6
Translocations | |  0.6

Action                   || total
-------------------------++-------
Melee: Unarmed           ||     5
       Mace              ||     6
 Cast: Magic Dart        ||    19
Armor: Robe              ||     3
Dodge: Dodged            ||    12
